 Dungeon Crawl Stone Soup version 0.29-a0-320-g9f8742066b (webtiles) character file.

Game seed: 12932439425242315158

2447 spaghetti the Grappler (level 9, 0/145 HPs)
             Began as an Ogre Fighter on Apr 2, 2022.
             Was a Believer of Trog.
             Slain by a manticore (11 damage)
             ... on level 8 of the Dungeon.
             The game lasted 00:09:42 (8199 turns).

spaghetti the Grappler (Ogre Fighter)               Turns: 8199, Time: 00:09:43

Health: 0/145      AC:  4    Str: 26    XL:     9   Next: 49%
Magic:  9/9        EV:  8    Int: 15    God:    Trog [**....]
Gold:   284        SH:  7    Dex:  8    Spells: 8/8 levels left

rFire   . . .      SeeInvis .     - Unarmed
rCold   . . .      Faith    .   b - +0 kite shield
rNeg    . . .      Spirit   .   a - +0 robe
rPois   .          Reflect  .   (helmet restricted)
rElec   .          Harm     .   z - +0 cloak
rCorr   .          Rampage  .   (gloves unavailable)
Will    +....                   (boots unavailable)
Stlth   ..........              (no amulet)
HPRegen 0.34/turn               n - ring of willpower
MPRegen 0.11/turn               p - +6 ring of intelligence

@: berserking, very quick
A: large, unfitting armour, tough skin 1
a: Renounce Religion, Berserk, Trog's Hand


You were on level 8 of the Dungeon.
You worshipped Trog.
Trog was pleased with you.
You visited 1 branch of the dungeon, and saw 8 of its levels.

You collected 284 gold pieces.


Innate Abilities, Weirdness & Mutations

You are too large for most types of armour.
You have tough skin. (AC +1)


   Skills:
 + Level 8.4 Fighting
 - Level 5.0 Throwing
 - Level 2.6 Dodging
 - Level 2.6 Shields
 + Level 9.2 Unarmed Combat


You had 8 spell levels left.
You didn't know any spells.
Your spell library contained the following spells:

 Spells                   Type           Power      Damage    Failure   Level
 Pain                     Necr           0%         1d4       54%         1
 Blink                    Tloc           0%         N/A       69%         2
 Conjure Flame            Conj/Fire      0%         6-21      89%         3
 Ignite Poison            Fire/Tmut/Pois 0%         N/A       89%         3
 Lesser Beckoning         Tloc           0%         N/A       89%         3
 Ozocubu's Armour         Ice            0%         N/A       89%         3
 Sticky Flame             Conj/Fire      0%         2d3       100%        4
 Agony                    Necr           0%         N/A       100%        5
 Excruciating Wounds      Necr           0%         N/A       100%        5
 Manifold Assault         Tloc           0%         N/A       100%        5
 Metabolic Englaciation   Hex/Ice        0%         N/A       100%        5
 Simulacrum               Ice/Necr       0%         N/A       100%        6

Inventory:

Hand Weapons
 f - a +0 club {mace}
   (You took it off a goblin on level 1 of the Dungeon)
 g - a +0 club {mace}
   (You took it off a goblin on level 1 of the Dungeon)
 h - a +0 hunting sling {sling}
   (You found it on level 1 of the Dungeon)
 j - a +0 club {mace}
   (You took it off a kobold on level 1 of the Dungeon)
Missiles
 k - 75 stones (quivered) {throwing}
 v - 2 datura-tipped darts {throwing}
 w - 18 poisoned darts {throwing}
Armour
 a - a +0 robe (worn)
 b - a +0 kite shield (worn)
 z - a +0 cloak (worn)
   (You took it off Crazy Yiuf on level 3 of the Dungeon)
Magical Staves
 s - a staff of poison {forbidden!astaff}
   (You found it on level 5 of the Dungeon)
Jewellery
 n - a ring of willpower (left hand)
   (You found it on level 1 of the Dungeon)
 p - a +6 ring of intelligence (right hand)
   (You found it on level 1 of the Dungeon)
Wands
 F - a wand of polymorph (2)
   (You found it on level 8 of the Dungeon)
Scrolls
 c - 2 scrolls of enchant weapon
 m - 3 scrolls of magic mapping {!r}
 q - 2 scrolls of teleportation {@r4}
 r - 3 scrolls of blinking {!r}
 u - 2 scrolls of torment {!r}
 y - a scroll of amnesia {unknown}
 D - a scroll of enchant armour {unknown}
 E - 2 scrolls of immolation {unknown}
Potions
 d - 2 potions of ambrosia
 e - a potion of cancellation {unknown}
 i - 2 potions of haste {unknown}
 l - 2 potions of heal wounds {unknown}
 o - 4 potions of brilliance {unknown}
 x - a potion of degeneration {unknown}
 A - 2 potions of might
 B - a potion of berserk rage {unknown}
 C - a potion of mutation {unknown}
 G - a potion of flight {unknown}
 H - a potion of magic {unknown}

Dungeon Overview and Level Annotations

Branches:
Dungeon (9/15)             Temple (0/1) D:5
   Lair: D:8-11         Orc: D:9-12

Altars:
Trog

###
##############..#
.......$........
..............#
............#
...[(.H@....#
#.....###...#
##... ##..# ###
##.## ##.## #..#
##.######
####......# #
.............#####


You could see a manticore.


Message History

q - 2 scrolls labelled FEYPRI RIBOSAKA (gained 1)
F - a wand of polymorph (2)
G - a puce potion
Found a stone staircase leading up.
E - 2 scrolls labelled LEYMOTHENAO (gained 1)
You now have 284 gold pieces (gained 7).
Key pressed, stopping explore.
H - a fuming white potion
As you read the scroll labelled WAROSTR CAUTAN, it crumbles to dust.
It is a scroll of identify.
c - 2 scrolls of enchant weapon
As you read the scroll of identify {@r1}, it crumbles to dust.
m - 3 scrolls of magic mapping
As you read the scroll of identify {@r1}, it crumbles to dust.
q - 2 scrolls of teleportation
As you read the scroll of identify {@r1}, it crumbles to dust.
r - 3 scrolls of blinking
As you read the scroll of identify {@r1}, it crumbles to dust.
u - 2 scrolls of torment
Okay, then.
Unknown command.
Key pressed, stopping explore.
Key pressed, stopping explore.
A manticore comes into view.
A manticore is nearby!
You throw a stone {throwing}.
The stone {throwing} hits the manticore.
No target in view!
No target in view!
No target in view!
No target in view!
No target in view!
No target in view!
No target in view!
No target in view!
No target in view!
No target in view!
No target in view!
No target in view!
No target in view!
No target in view!
No target in view!
The manticore flicks its tail.
The volley of spikes misses you. You block the manticore's attack.
The manticore claws you but does no damage.
The manticore claws you. 😕 HP[-3]
You take 3 damage, and now have 94/97 hp.
You hit the manticore. You block the manticore's attack.
The manticore claws you! The manticore claws you. 😕 HP[-14]
You take 14 damage, and now have 80/97 hp.
You hit the manticore but do no damage. You block the manticore's attack.
The manticore claws you.
You block the manticore's attack. 😕 HP[-1]
You take 1 damage, and now have 79/97 hp.
You hit the manticore. The manticore bites you!
You block the manticore's attack. The manticore claws you! 😮 HP[-19]
You take 19 damage, and now have 60/97 hp.
You barely miss the manticore. The manticore bites you!!
* * * LOW HITPOINT WARNING * * *
You block the manticore's attack.
The manticore closely misses you. 😨 HP[-22]
You take 22 damage, and now have 38/97 hp.
MASSIVE DAMAGE!! (PAUSE)
A red film seems to cover your vision as you go berserk!
You feel yourself moving faster!
You feel mighty!
The manticore bites you but does no damage.
The manticore claws you.
* * * LOW HITPOINT WARNING * * *
The manticore claws you!
* * * LOW HITPOINT WARNING * * *
😨 HP[+6]
You now have 145 max hp (+48).
You regained 6 hp, and now have 44/145 hp.
You closely miss the manticore. The manticore bites you!
* * * LOW HITPOINT WARNING * * *
You block the manticore's attack. x2 😱 HP[-12]
You take 12 damage, and now have 32/145 hp.
You pummel the manticore!! You closely miss the manticore.
You block the manticore's attack.
The manticore claws you but does no damage.
The manticore claws you.
* * * LOW HITPOINT WARNING * * *
😱 HP[-4]
You take 4 damage, and now have 28/145 hp.
You closely miss the manticore.
Unknown command.
You barely miss the manticore. The manticore bites you!
* * * LOW HITPOINT WARNING * * *
The manticore claws you.
* * * LOW HITPOINT WARNING * * *
The manticore barely misses you. 😱 HP[-17]
You take 17 damage, and now have 11/145 hp.
You barely miss the manticore. The manticore bites you!
You die...

Skill      XL: |  1  2  3  4  5  6  7  8  9 |
---------------+----------------------------+-----
Unarmed Combat | 2 3 4 5 6 7 8 9 |  9.2
Throwing       | 3 5 |  5.0
Fighting       | 6 8 |  8.4
Dodging        | |  2.6
Shields        | |  2.6

Action                   |  1- 3 |  4- 6 |  7- 9 || total
-------------------------+-------+-------+-------++-------
Melee: Unarmed           |   167 |   137 |   286 ||   590
Throw: Stone             |    14 |    22 |    87 ||   123
Invok: Berserk           |     1 |     3 |    10 ||    14
       Trog's Hand       |       |       |     1 ||     1
  Use: Potion            |     2 |       |     1 ||     3
       Scroll            |       |       |     5 ||     5
 Stab: Sleeping          |       |     2 |       ||     2
Armor: Robe              |    40 |    30 |    68 ||   138
Dodge: Dodged            |    75 |    49 |    91 ||   215
Block: Kite shield       |    67 |    54 |    99 ||   220

Levels and vault maps discovered:
D:1:      amcnicky_arrival_feature_with_door, layout_rooms,
          shapermc_ecumenical_altar_petra, minmay_misc_feat_secret_circle
D:2:      minmay_alternating_diamond, layout_basic
D:3:      layout_basic, chequers_serial_rivers_large_b, kennysheep_small_spiral,
          minmay_misc_feat_tiny, solitary_fountain, uniq_crazy_yiuf_cottage
D:4:      layout_cave_pools, hangedman_decor_slide_cut, uniq_blork_the_orc,
          uniq_natasha
D:5:      layout_loops_cross, minmay_temple_entry_waves
D:6:      layout_cave_pools, kennysheep_small_circle, uniq_eustachio,
          uniq_maggie
D:8:      layout_cave_pods
D:9:      hellmonk_ruined_rings, layout_basic, david_lair_shrubbed,
          uniq_maurice, uniq_erolcha

Notes
Turn   | Place    | Note
-------+----------+-------------------------------------------
     0 | D:1      | spaghetti the Ogre Fighter began the quest for the Orb.
     0 | D:1      | Reached XP level 1. HP: 24/24 MP: 1/1
     0 | D:1      | magus.rc [v1.9.6]
    36 | D:1      | Reached skill level 2 in Unarmed Combat
    37 | D:1      | You pick up a book of Spatial Translocations and begin
                  | reading...
    37 | D:1      | You add the spells Blink, Lesser Beckoning and Manifold
                  | Assault to your library.
   267 | D:1      | Reached XP level 2. HP: 26/32 MP: 2/2
   804 | D:1      | Reached skill level 3 in Unarmed Combat
  1008 | D:1      | Found a faded altar of an unknown god.
  1013 | D:1      | Prayed at the altar of an unknown god.
  1013 | D:1      | Became a worshipper of Trog the Wrathful
  1013 | D:1      | Reached * piety under Trog
  1089 | D:2      | HP: 7/32 [poisoned by an adder]
  1100 | D:2      | Reached XP level 3. HP: 20/39 MP: 3/3
  1523 | D:2      | You pick up a book of Pain {forbidden} and begin reading...
  1523 | D:2      | You add the spells Pain, Agony and Excruciating Wounds to
                  | your library.
  1663 | D:2      | Reached XP level 4. HP: 47/48 MP: 4/4
  1891 | D:2      | Reached ** piety under Trog
  2082 | D:3      | Reached skill level 4 in Unarmed Combat
  2554 | D:3      | Found a runed translucent door.
  2555 | D:3      | Noticed Crazy Yiuf
  2593 | D:3      | Killed Crazy Yiuf
  2843 | D:4      | Reached XP level 5. HP: 47/54 MP: 5/5
  2901 | D:4      | You pick up a book of Winter {forbidden} and begin
                  | reading...
  2901 | D:4      | You add the spells Ozocubu's Armour, Metabolic Englaciation
                  | and Simulacrum to your library.
  2923 | D:4      | Noticed Natasha
  2932 | D:4      | Killed Natasha
  2933 | D:4      | Reached skill level 5 in Unarmed Combat
  3075 | D:4      | Noticed Natasha
  3085 | D:4      | Killed Natasha
  3186 | D:4      | Noticed a phantom
  3206 | D:4      | Killed a phantom
  3207 | D:4      | Reached XP level 6. HP: 58/62 MP: 6/6
  3230 | D:4      | Noticed Natasha
  3243 | D:4      | Killed Natasha
  3244 | D:4      | Reached skill level 6 in Unarmed Combat
  3431 | D:4      | Noticed Blork the orc
  3435 | D:4      | Noticed a black bear
  3440 | D:4      | Killed Blork the orc
  3453 | D:4      | Killed a black bear
  3454 | D:4      | Reached XP level 7. HP: 70/70 MP: 7/7
  4069 | D:4      | Reached skill level 7 in Unarmed Combat
  4182 | D:5      | Entered Level 5 of the Dungeon
  4217 | D:5      | Reached skill level 1 in Throwing
  4392 | D:5      | You add the spells Conjure Flame, Ignite Poison and Sticky
                  | Flame to your library.
  4466 | D:5      | Reached skill level 2 in Throwing
  4921 | D:5      | HP: 23/105 [poisoned by a water moccasin]
  4923 | D:5      | HP: 9/105 [poisoned by a water moccasin]
  4926 | D:5      | HP: 4/105 [poisoned by a water moccasin]
  4928 | D:5      | HP: 1/70 [poisoned by a water moccasin]
  5250 | D:5      | Reached skill level 3 in Throwing
  5250 | D:5      | Reached XP level 8. HP: 79/79 MP: 8/8
  5544 | D:5      | Found a staircase to the Ecumenical Temple.
  5616 | D:5      | Reached skill level 5 in Fighting
  5782 | D:6      | Reached skill level 4 in Throwing
  5782 | D:6      | Reached skill level 8 in Unarmed Combat
  6510 | D:5      | Reached skill level 6 in Fighting
  6863 | D:6      | Reached skill level 5 in Throwing
  6863 | D:6      | Reached XP level 9. HP: 91/92 MP: 9/9
  6871 | D:6      | Reached skill level 7 in Fighting
  6996 | D:6      | You fall into a shaft and drop 3 floors!
  7172 | D:9      | HP: 34/139 [something (8)]
  7176 | D:9      | HP: 7/139 [something (12)]
  7731 | D:9      | Noticed a komodo dragon
  7741 | D:9      | Killed a komodo dragon
  7742 | D:9      | Reached skill level 8 in Fighting
  7742 | D:9      | Reached skill level 9 in Unarmed Combat
  8184 | D:8      | Noticed a manticore
  8194 | D:8      | HP: 32/145 [manticore (12)]
  8198 | D:8      | HP: 13/145 [manticore (15)]
  8199 | D:8      | Slain by a manticore

Vanquished Creatures
  A komodo dragon (D:9)
  A vampire (D:9)
  A wyvern (D:8)
  A water moccasin (D:5)
  3 black bears
  2 ice beasts (D:5)
  A sky beast (D:6)
  An ogre (D:5)
  A centaur (D:9)
  A phantom (D:4)
  Blork the orc (D:4)
  A scorpion (D:5)
  2 necrophages (D:5)
  A gnoll sergeant (D:6)
  3 hounds (D:5)
  Crazy Yiuf (D:3)
  A jelly (D:4)
  An orc priest (D:6)
  4 iguanas
  3 orc wizards
  Natasha (thrice) (D:4)
  8 gnolls
  6 adders
  A white imp (D:5)
  An ufetubus (D:6)
  2 worms
  A dart slug (D:3)
  11 orcs
  10 ball pythons
  7 endoplasms
  7 giant cockroaches
  10 goblins
  7 hobgoblins
  2 quokkas
  8 bats
  4 frilled lizards
  7 kobolds
  7 rats
133 creatures vanquished.

Vanquished Creatures (others)
  A fungus (D:1)
  40 plants (D:9)
41 creatures vanquished.

Grand Total: 174 creatures vanquished

Table legend:
 A = Non-vault XP
 B = Vault XP
 C = Vault XP percentage of total XP
 D = Non-vault monster count
 E = Vault monster count
 F = Vault count percentage of total count
                 A         B        C        D         E       F
            +---------+---------+-------+---------+---------+-------
      Total |    2802 |     694 |  19.9 |     120 |      13 |   9.8
            +---------+---------+-------+---------+---------+-------
        D:1 |      33 |       0 |   0.0 |      22 |       0 |   0.0
        D:2 |      52 |       9 |  14.8 |      18 |       6 |  25.0
        D:3 |      23 |      42 |  64.6 |      13 |       1 |   7.1
        D:4 |     446 |     131 |  22.7 |      25 |       2 |   7.4
        D:5 |    1127 |      45 |   3.8 |      27 |       2 |   6.9
        D:6 |     576 |      84 |  12.7 |      12 |       1 |   7.7
        D:8 |     210 |       0 |   0.0 |       1 |       0 |   0.0
        D:9 |     335 |     383 |  53.3 |       2 |       1 |  33.3
            +---------+---------+-------+---------+---------+-------

Illustrated notes

Table legend:
 A = Kills in this place as a percentage of kills in entire the game.
 B = Kills by you in this place as a percentage of kills by you in the entire game.
 C = Kills by friends in this place as a percentage of kills by friends in the entire game.
 D = Other kills in this place as a percentage of other kills in the entire game.
 E = Experience gained in this place as a percentage of experience gained in the entire game.
 F = Experience gained in this place divided by the number of levels of this place that you have seen.
                   A       B       C       D       E      F
               +-------+-------+-------+-------+-------+----------------------
         Total | 100.0 | 100.0 |   N/A |   N/A | 100.0 | 437.0
       Dungeon | 100.0 | 100.0 |   N/A |   N/A | 100.0 | 437.0
               +-------+-------+-------+-------+-------+----------------------

Table legend: (Time is in decaauts)
 A = Elapsed time spent in this place.
 B = Non-inter-level travel time spent in this place.
 C = Inter-level travel time spent in this place.
 D = Time resting spent in this place.
 E = Time spent auto-exploring this place.
 F = Levels seen in this place.
 G = Mean time per level.
                   A        B        C        D        E       F      G
               +--------+--------+--------+--------+--------+-----+--------+
         Total |   8382 |   8157 |    225 |   3141 |   3846 |   8 | 1047.8 |
       Dungeon |   8382 |   8157 |    225 |   3141 |   3846 |   8 | 1047.8 |
               +--------+--------+--------+--------+--------+-----+--------+

Top non-repeatable levels by time:
     D:5: 2696 daAuts
     D:4: 1467 daAuts
     D:1: 1065 daAuts
     D:9: 1000 daAuts
     D:2: 965 daAuts
     D:3: 864 daAuts
     D:8: 221 daAuts
     D:6: 102 daAuts
